 Dungeon Crawl Stone Soup version 0.30-a0-779-g7971cf19c3 (webtiles) character file.

Game seed: 745971400798385494

6946 Leeroy the Carver (level 11, -13/50 HPs)
             Began as a Vine Stalker Warper on Feb 17, 2023.
             Was a Believer of Wu Jian.
             Mangled by an earth elemental (23 damage)
             ... on level 2 of the Abyss.
             The game lasted 00:09:31 (7635 turns).

Leeroy the Carver (Vine Stalker Warper)             Turns: 7635, Time: 00:09:31

Health: -13/50     AC: 11    Str: 13    XL:     11   Next: 7%
Magic:  0/18       EV: 12    Int: 13    God:    Wu Jian [**....]
Gold:   527        SH:  0    Dex: 25    Spells: 2/18 levels left

rFire   . . .      SeeInvis .    y - +2 long sword (elec)
rCold   . . .      Faith    .    (no shield)
rNeg    . . .      Spirit   +    I - +3 acid dragon scales
rPois   .          Reflect  .    r - +0 helmet
rElec   .          Harm     .    (no cloak)
rCorr   +          Rampage  .    h - +0 pair of gloves
Will    +....                    (no boots)
Stlth   ++                       i - amulet of regeneration
HPRegen 1.88/turn                s - +6 ring of dexterity
MPRegen 0.16/turn                L - ring of wizardry

@: no status effects
A: fangs 3, regeneration 1, magic shield, antimagic bite, no potion heal 2
a: Renounce Religion, Wall Jump


You were on level 2 of the Abyss.
You worshipped Wu Jian.
Wu Jian was pleased with you.
You visited 2 branches of the dungeon, and saw 12 of its levels.
You visited the Abyss 1 time.

You collected 527 gold pieces.

Inventory:

Hand Weapons
 a - a +0 falchion
 q - a +0 dagger of venom
 y - a +2 long sword of electrocution (weapon)
 z - the +3 sling of Luac {speed, Drain Fly Int+6 Dex+3}
   (You found it on level 4 of the Dungeon)

   Int:       It affects your intelligence (+6).
   Dex:       It affects your dexterity (+3).
   Fly:       It grants you flight.
   Drain:     It drains your maximum health when unequipped.
 N - a +0 dagger of electrocution
 V - a +0 antimagic dagger
Missiles
 d - 7 boomerangs of dispersal (quivered)
 t - 14 boomerangs
 B - 2 throwing nets
 O - 30 poisoned darts
 U - 5 datura-tipped darts
 X - 4 silver boomerangs
Armour
 b - a +0 leather armour
 h - a +0 pair of gloves (worn)
 r - a +0 helmet (worn)
 x - a +2 leather armour of fire resistance
 I - +3 acid dragon scales (worn)
 R - a +0 plate armour of cold resistance
 Z - a +1 robe of cold resistance
Jewellery
 i - an amulet of regeneration (around neck)
 s - a +6 ring of dexterity (left hand)
 L - a ring of wizardry (right hand)
 Y - a ring of ice
Wands
 C - a wand of flame (16)
 K - a wand of mindburst (8)
Scrolls
 c - a scroll of blinking
 e - a scroll of silence
 f - 3 scrolls of magic mapping
 l - a scroll of fog
 m - 2 scrolls of poison
 n - a scroll of vulnerability
 A - 2 scrolls of summoning
 D - 2 scrolls of amnesia {unknown}
 F - a scroll of enchant weapon {unknown}
 G - a scroll of fear
 H - a scroll of acquirement {unknown}
 M - a scroll of immolation {unknown}
 Q - a scroll of teleportation {unknown}
Potions
 g - a potion of brilliance {unknown}
 k - 3 potions of ambrosia {unknown}
 o - 4 potions of heal wounds {unknown}
 p - 6 potions of curing {unknown}
 u - a potion of lignification
 v - 3 potions of attraction {unknown}
 w - 2 potions of mutation {unknown}
 E - a potion of invisibility {unknown}
 J - 3 potions of magic {unknown}
 P - a potion of cancellation {unknown}
 S - a potion of flight {unknown}
 T - a potion of degeneration {unknown}
 W - a potion of might {unknown}


   Skills:
 - Level 1.7 Fighting
 * Level 14.8 Long Blades
 - Level 0.8 Throwing
 - Level 0.7 Armour
 - Level 1.5 Dodging
 - Level 4.0 Spellcasting
 - Level 3.0 Translocations


You had 2 spell levels left.
You knew the following spells:

 Your Spells              Type           Power      Damage    Failure   Level
a - Blink                 Tloc           20%        N/A       5%          2
b - Vhi's Electric Charg  Tloc/Air       12%        N/A       19%         3
c - Manifold Assault      Tloc           10%        N/A       32%         4
d - Swiftness             Air            2%         N/A       32%         3
e - Iskenderun's Mystic   Conj/Tloc      6%         2d4       52%         4

Your spell library contained the following spells:

 Spells                   Type           Power      Damage    Failure   Level
 Lesser Beckoning         Tloc           20%        N/A       5%          2
 Magic Dart               Conj           8%         1d3       12%         1
 Ensorcelled Hibernation  Hex/Ice        4%         N/A       17%         2
 Passwall                 Tmut/Erth      1%         N/A       17%         2
 Searing Ray              Conj           4%         2d4       17%         2
 Teleport Other           Tloc           10%        N/A       11%         3
 Kindle Blastsparks       Fire/Tloc/Air  10%        2d10      24%         3
 Inner Flame              Hex/Fire       2%         N/A       32%         3
 Cause Fear               Hex            1%         N/A       71%         4
 Fulminant Prism          Conj/Hex       1%         3d5       71%         4
 Lee's Rapid Deconstruct  Erth           1%         3d4*      96%         5
 Discord                  Hex            1%         N/A       100%        8


Dungeon Overview and Level Annotations

Branches:
Dungeon (11/15)            Temple (1/1) D:6            Lair (0/5) D:11
    Orc: D:9-12

Altars:
Cheibriados
Dithmenos
Elyvilon
Fedhas
Gozag
Hepliaklqana
Kikubaaqudgha
Makhleb
Nemelex Xobeh
Okawaru
Qazlal
Ru
Sif Muna
Trog
Uskayaw
Vehumet
Wu Jian
Xom
Yredelemnul
The Shining One

Shops:
D:1 !   D:5 *

Annotations:
D:11 1 runed translucent door, Erolcha; Rafog's ghost, journeyman FoHu


Innate Abilities, Weirdness & Mutations

You have razor-sharp teeth.
Your natural rate of healing is unusually fast.
When hurt, damage is shared between your health and your magic reserves.
Your bite disrupts and absorbs the magic of your enemies.
Potions cannot restore your health.


Message History

Found 33 gold pieces.
A water elemental is nearby!
You enter the shallow water.
Moving in this stuff is going to be slow. 2 earth elementals come into view.
You lunge at the water elemental, in a flurry of attacks.
You slash the water elemental!
The water elemental is moderately damaged.
You slash the water elemental!
You bite the water elemental, but do no damage.
The water elemental is severely damaged.
The water elemental hits you! The water elemental hits you.
The water elemental engulfs you in water!
You see here 31 gold pieces.
You slash the water elemental!
You destroy the water elemental!
The Council accepts your kill. The water engulfing you falls away.
You gasp with relief as air once again reaches your lungs.
There is a dry fountain here.
You hit the earth elemental.
The earth elemental is lightly damaged.
The earth elemental hits you but does no damage.
You hit the earth elemental but do no damage.
The earth elemental is lightly damaged.
You hit the earth elemental but do no damage.
The earth elemental is lightly damaged.
The earth elemental hits you!!
You hit the earth elemental but do no damage.
The earth elemental is lightly damaged.
You hit the earth elemental but do no damage.
The earth elemental is lightly damaged.
You slash the earth elemental!
You bite the earth elemental, but do no damage.
The earth elemental is moderately damaged.
The earth elemental hits you!!
Ouch! That really hurt!
* * * LOW HITPOINT WARNING * * *
The earth elemental hits you!!
You die...

..#... #.#. .. .....
## . .... .. ##.# #.
#..##. .#.# #.
#.......#.# # ..
#.....##E## .. #.###
#.....#@$⌠#.# #
.....####.#..~E∩$..#
.##
##.........#⌠$⌠#.# .
......####..###.## #
.. ...## ...## .# ..
..... #.### .# ..
... #. .# .#
#..##... .... ##
##........ #..


You could see 2 earth elementals.

Vanquished Creatures
  Fannar (D:11)
  A boulder beetle (D:11)
  Maggie (D:6)
  4 kobold demonologists (D:9)
  2 trolls
  A shadow (D:8)
  5 yaks (D:10)
  A wyvern (D:9)
  A water elemental (Abyss:2)
  A basilisk (D:11)
  3 water moccasins
  An orc warrior (D:7)
  A black bear (D:7)
  3 sky beasts (D:7)
  An ogre (D:6)
  A centaur (D:9)
  A bullfrog (D:7)
  4 kobold brigands
  A gnoll sergeant (D:9)
  A scorpion (D:6)
  6 killer bees (D:7)
  2 howler monkeys
  2 jellies
  8 orc priests
  A gnoll bouda (D:7)
  2 hounds
  3 iguanas
  7 orc wizards
  7 gnolls
  9 adders
  A shadow imp (D:5)
  A white imp (D:6)
  4 ufetubi
  5 worms
  2 dart slugs
  34 orcs
  4 endoplasms
  5 giant cockroaches
  6 goblins
  8 hobgoblins
  3 quokkas (D:1)
  6 ball pythons
  2 bats
  3 frilled lizards
  21 kobolds
  2 rats (D:1)
  A spectral orc (D:3)
190 creatures vanquished.

Vanquished Creatures (others)
  7 plants (D:11)
7 creatures vanquished.

Grand Total: 197 creatures vanquished

Notes
Turn   | Place    | Note
-------+----------+-------------------------------------------
     0 | D:1      | Leeroy the Vine Stalker Warper began the quest for the Orb.
     0 | D:1      | Reached XP level 1. HP: 11/11 MP: 4/4
    35 | D:1      | Found Tugep's Distillery.
   173 | D:1      | Reached skill level 2 in Long Blades
   227 | D:1      | Reached XP level 2. HP: 15/15 MP: 3/6
   664 | D:2      | Reached XP level 3. HP: 17/18 MP: 8/8
  1328 | D:2      | Reached skill level 3 in Long Blades
  1328 | D:2      | Gained mutation: Your natural rate of healing is unusually
                  | fast. [Vine Stalker growth]
  1328 | D:2      | Reached XP level 4. HP: 11/23 MP: 5/9
  1521 | D:3      | Learned a level 2 spell: Blink
  1525 | D:3      | Learned a level 3 spell: Vhi's Electric Charge
  1530 | D:3      | Learned a level 4 spell: Manifold Assault
  1654 | D:3      | Reached XP level 5. HP: 26/26 MP: 11/11
  1670 | D:3      | Reached skill level 4 in Long Blades
  1726 | D:3      | Found a hazy altar of Hepliaklqana.
  2550 | D:4      | Reached XP level 6. HP: 30/30 MP: 12/12
  2555 | D:4      | Reached skill level 5 in Long Blades
  2690 | D:4      | Identified the +3 sling of Luac {speed, Drain Fly Int+6
                  | Dex+3}
  3001 | D:4      | Found a white marble altar of Elyvilon.
  3024 | D:5      | Entered Level 5 of the Dungeon
  3028 | D:5      | Noticed a water moccasin
  3034 | D:5      | Killed a water moccasin
  3090 | D:5      | Found Hatrezun's Serpentskin Sales.
  3090 | D:5      | Noticed a water moccasin
  3096 | D:5      | Killed a water moccasin
  3097 | D:5      | Reached skill level 6 in Long Blades
  3097 | D:5      | Reached XP level 7. HP: 22/34 MP: 11/13
  3115 | D:5      | Learned a level 3 spell: Swiftness
  3534 | D:5      | Found a shimmering blue altar of Sif Muna.
  3885 | D:6      | Reached skill level 7 in Long Blades
  3974 | D:6      | Gained mutation: You have razor-sharp teeth. [Vine Stalker
                  | growth]
  3974 | D:6      | Reached XP level 8. HP: 38/38 MP: 12/15
  4023 | D:6      | Found a stormy altar of Qazlal.
  4038 | D:6      | Noticed Maggie
  4048 | D:6      | Killed Maggie
  4049 | D:6      | Reached skill level 8 in Long Blades
  4174 | D:6      | Found a staircase to the Ecumenical Temple.
  4200 | Temple   | Entered the Ecumenical Temple
  4200 | Temple   | Found a transporter.
  4200 | Temple   | Found a transporter.
  4202 | Temple   | Found a transporter.
  4202 | Temple   | Found a transporter.
  4456 | D:6      | Found a snail-covered altar of Cheibriados.
  4794 | D:7      | Reached skill level 9 in Long Blades
  4822 | D:7      | Found an ornate altar of the Wu Jian Council.
  4832 | D:7      | Became a worshipper of the Wu Jian Council
  4943 | D:7      | Reached XP level 9. HP: 28/42 MP: 12/16
  4961 | D:7      | Reached skill level 10 in Long Blades
  5604 | D:7      | Reached * piety under Wu Jian
  5605 | D:7      | Reached skill level 11 in Long Blades
  5758 | D:8      | Found a sacrificial altar of Ru.
  6315 | D:9      | Learned a level 4 spell: Iskenderun's Mystic Blast
  6322 | D:9      | Reached ** piety under Wu Jian
  6365 | D:9      | Noticed a kobold demonologist
  6366 | D:9      | Noticed a kobold demonologist
  6366 | D:9      | Noticed a kobold demonologist
  6367 | D:9      | Noticed a kobold demonologist
  6393 | D:9      | Killed a kobold demonologist
  6394 | D:9      | Reached skill level 12 in Long Blades
  6395 | D:9      | Killed a kobold demonologist
  6396 | D:9      | Reached XP level 10. HP: 33/46 MP: 17/17
  6399 | D:9      | Killed a kobold demonologist
  6401 | D:9      | Killed a kobold demonologist
  6421 | D:9      | Reached skill level 13 in Long Blades
  6659 | D:9      | Noticed an eight-headed hydra
  6750 | D:9      | Noticed a gargoyle
  6773 | D:10     | Entered Level 10 of the Dungeon
  6879 | D:10     | Noticed a two-headed ogre
  6879 | D:10     | Noticed a seven-headed hydra
  7006 | D:11     | Noticed Fannar
  7016 | D:11     | Killed Fannar
  7017 | D:11     | Reached skill level 14 in Long Blades
  7090 | D:11     | Noticed a boulder beetle
  7235 | D:11     | Killed a boulder beetle
  7236 | D:11     | Reached XP level 11. HP: 14/50 MP: 11/18
  7413 | D:11     | Found a staircase to the Lair.
  7493 | D:11     | Found a runed translucent door.
  7496 | D:11     | Noticed Rafog's ghost (journeyman FoHu)
  7497 | D:11     | Identified the +8 trident "Wabik" {speed, *Rage Str+4
                  | Int+3}
  7590 | D:11     | Noticed Erolcha
  7592 | Abyss:2  | Cast into level 2 of the Abyss (Erolcha)
  7635 | Abyss:2  | Mangled by an earth elemental

Illustrated notes

Levels and vault maps discovered:
D:1:      ncdulo_wetmaze, layout_loops_ring, serial_shops, shop
D:2:      layout_basic
D:3:      layout_loops_ring, nicolae_hepliaklqana_monster_ancestors
D:4:      layout_gridville, lemuel_tele_altar
D:5:      layout_loops_ring, kennysheep_orc_sif_temple,
          minmay_misc_feat_more_columns, hangedman_decor_opposing,
          guppyfry_shop_venom
D:6:      layout_basic, lemuel_crystal_altar, slow_altar_2,
          minmay_temple_entry_antechambers, uniq_maggie
D:7:      layout_loops_ring, nzn_wu_jian_contemplation
D:8:      layout_cave_pools, nicolae_ru_awakened_eye, eino_tiny_chamber
D:9:      layout_irregular_city, mainiacjoe_overflow_24_doors
D:10:     hangedman_cross_stitches, layout_layer_cave,
          mainiacjoe_overflow_surrounded_room
D:11:     layout_gridville, lair_entry_dummy, ebering_ghost_funeral_grove,
          uniq_erolcha, uniq_fannar
Temple:   hellmonk_temple_divided_pantheon
Abyss:2:  base: D:2, base: D:8, hangedman_abyss_mock_shop

Skill      XL: |  1  2  3  4  5  6  7  8  9 10 |
---------------+-------------------------------+-----
Long Blades    | 2 3 4 6 7 9 12 14 | 14.8
Spellcasting   | 3 4 |  4.0
Fighting       | |  1.7
Throwing       | |  0.8
Armour         | |  0.7
Dodging        | |  1.5
Translocations | |  3.0

Action                     |  1- 3 |  4- 6 |  7- 9 | 10-12 || total
---------------------------+-------+-------+-------+-------++-------
  Melee: Falchion          |    93 |   127 |       |       ||   220
         Bite              |    23 |    45 |    66 |    56 ||   190
         Punch             |       |     1 |     4 |       ||     5
         Long sword        |       |    35 |   242 |   116 ||   393
   Cast: Blink             |       |       |       |     1 ||     1
Ability: Lunge             |       |       |    12 |     7 ||    19
         Whirlwind         |       |       |       |     6 ||     6
    Use: Scroll            |       |       |     1 |    11 ||    12
   Stab: Sleeping          |     2 |     3 |     4 |       ||     9
         Distracted        |       |       |       |     1 ||     1
 Armour: Leather armour    |    28 |    49 |    29 |       ||   106
         Acid dragon scale |       |       |    51 |    16 ||    67
  Dodge: Dodged            |    55 |   112 |   135 |    31 ||   333

Table legend: (Time is in decaauts)
 A = Elapsed time spent in this place.
 B = Non-inter-level travel time spent in this place.
 C = Inter-level travel time spent in this place.
 D = Time resting spent in this place.
 E = Time spent auto-exploring this place.
 F = Levels seen in this place.
 G = Mean time per level.
                   A        B        C        D        E       F      G
               +--------+--------+--------+--------+--------+-----+--------+
         Total |   7640 |   7325 |    315 |    176 |   5594 |  13 |  587.7 |
       Dungeon |   7516 |   7210 |    306 |    176 |   5557 |  11 |  683.3 |
        Temple |     81 |     72 |      9 |      0 |      6 |   1 |   81.0 |
         Abyss |     41 |     41 |      0 |      0 |     31 |   1 |   41.0 |
               +--------+--------+--------+--------+--------+-----+--------+

Top non-repeatable levels by time:
     D:7: 916 daAuts
     D:5: 899 daAuts
     D:3: 831 daAuts
     D:4: 822 daAuts
     D:6: 774 daAuts
     D:2: 751 daAuts
    D:11: 685 daAuts
     D:1: 659 daAuts
     D:8: 585 daAuts
     D:9: 475 daAuts
    D:10: 116 daAuts
  Temple: 81 daAuts
 Abyss:2: 41 daAuts
